Unix NetHack Version 5.0.0-0 post-release - last build Jun 10 2026 00:39:30 (3ee93aec679c4c4259841fe613dc97188e26a321,branch:main).

Game began 2026-06-16 20:18:12, ended 2026-06-16 20:50:54.

CyberFan, lawful male human Samurai

 --------                              --------
 |......|                              |.....`|
 |....<.|                              |......|              --------------
 |......|                             #-......|              |./*![!)%/!(%|
 ------.-                  --------   #|......|              |.=(%)*%(()/%|
       ###           ######.......|   #|......|              |.((+%?%][!??|
         #           ##### |......|   #-.-.----             #-.([+@(%(*[(?|
         ##          #     |.......####  ##               ###|.@)*/+[!*(?+|
        ###         ##     |......|       ##              #  --------------
   -----|-----+---  #      .......|      -.--.------    ###
   |.............|  #      --------      |.....>...|    #
   |....<....{...|###                    |.........|    #
   |..............#                      |.........| ####
   |.............|                       |.........| #
   ---------------                       |..........##
                                         -----------

CyberFan the Ninja     St:11 Dx:16 Co:18 In:10 Wi:11 Ch:6  Lawful
Dlvl:6  $:36 HP:61(61) Pw:22(22) AC:3  Xp:6/548 T:3252 

Latest messages:
 (For instructions type a '?')
 What do you want to use or apply? [xCIJMN or ?*]
 Your lamp is now off.
 Really save? [yn] (n)
 Saving...
 Restoring save file...
 Konnichi wa CyberFan, the human Samurai, welcome back to NetHack!
 Be careful!  New moon tonight.
 You descend the stairs.
 $ - 3 gold pieces (36 in total).
 You hear water falling on coins.
 You find a hidden door.
 In what direction?
 The door resists!
 In what direction?
 The door resists!
 In what direction?
 The door opens.
 You destroy the kobold zombie!
 You climb up the stairs.
 You descend the stairs.
 You hear the chime of a cash register.
 You hear bubbling water.
 You hit the floating eye!
 You are frozen by the floating eye's gaze!
 Hachi misses the floating eye.
 Hachi misses the floating eye.
 Hachi is frozen by the floating eye's gaze!
 You can move again.
 That door is closed.
 In what direction?
 The door opens.
 You find a hidden passage.
 "Irasshaimase, CyberFan!  Welcome to Kabalebo's general store!"
 You see here an osaku (for sale, 30 zorkmids).
 You see here a tanko (for sale, 900 zorkmids).
 Pick a monster, object or location.
 You see here a key (for sale, 15 zorkmids).
 Pick a monster, object or location.
 You see here a tanko (for sale, 900 zorkmids).
 You see here a gray spellbook (for sale, 150 zorkmids).
 You see here a scroll labeled PHOL ENDE WODAN (for sale, 120 zorkmids).
 #qu: unknown extended command.
 Really save? [yn] (n)
 Saving...
 Restoring save file...
 Konnichi wa CyberFan, the human Samurai, welcome back to NetHack!
 Be careful!  New moon tonight.
 #
 Kabalebo gratefully inherits all your possessions.

Inventory:
 Coins    ('$')
  $ - 36 gold pieces
 Weapons  (')')
  d - 29 uncursed +0 ya (in quiver)
  c - an uncursed +0 yumi (alternate weapon; not wielded)
  O - the blessed +2 Grayswandir (weapon in right hand)
  a - an uncursed corroded +0 katana
 Armor    ('[')
  s - an uncursed +0 pair of speed boots (being worn)
  D - an uncursed +0 Hawaiian shirt with a ukulele motif
  e - an uncursed rustproof +0 splint mail (being worn)
 Comestibles  ('%')
  l - 2 uncursed gunyoki
 Scrolls  ('?')
  H - a blessed scroll of amnesia
  q - a cursed scroll of amnesia
  r - an uncursed scroll of blank paper
  w - an uncursed scroll of destroy armor
  g - an uncursed scroll of enchant armor
 Potions  ('!')
  p - a blessed potion of healing
  o - an uncursed potion of healing
  n - a blessed potion of paralysis
 Rings    ('=')
  m - an uncursed ring of teleport control
 Wands    ('/')
  J - an uncursed wand of digging (0:7)
  x - an uncursed wand of fire (0:3)
 Tools    ('(')
  N - a cursed magic lamp
  M - a blessed oil lamp
  C - an uncursed skeleton key
  I - an uncursed partly used wax candle
 Gems/Stones  ('*')
  v - 3 uncursed worthless pieces of black glass
  z - 4 uncursed worthless pieces of orange glass
  A - 2 uncursed worthless pieces of red glass
  E - an uncursed worthless piece of yellowish brown glass

CyberFan the Samurai's attributes:

Background:
 You were a Ninja, a level 6 male human Samurai.
 You were lawful, on a mission for Amaterasu Omikami
 who was opposed by Raijin (neutral) and Susanowo (chaotic).
 You were right-handed.
 You were in the Dungeons of Doom, on level 6.
 You entered the dungeon 3252 turns ago.
 There was a new moon in effect when your adventure ended.
 You had 548 experience points, 92 more were needed to attain level 7.

Basics:
 You had all 61 hit points.
 You had all 22 energy points (spell power).
 Your armor class was 3.
 Your wallet contained 36 zorkmids.
 Autopickup was on, but temporarily disabled while inside the shop.

Final Characteristics:
 Your strength was 11 (peak:14, limit:18/100).
 Your dexterity was 16 (limit:18).
 Your constitution was 18 (limit:18).
 Your intelligence was 10 (limit:18).
 Your wisdom was 11 (limit:18).
 Your charisma was 6 (limit:18).

Final Status:
 You weren't hungry.
 You were unencumbered.
 You were wielding a saber.
 You were unskilled in saber.

Final Attributes:
 You were piously aligned.
 You resisted hallucinations.
 You were telepathic.
 You were warded.
 You were very fast.
 You survived.

Miscellaneous:
 You disabled loading of bones levels.
 Total elapsed playing time was 32 minutes and 6 seconds.

Major events:
 Turn
    1: CyberFan the lawful male human Samurai entered the dungeon
  391: entered the Gnomish Mines
  487: attained the rank of Ronin (level 3)
 1765: attained the rank of Ninja (level 6)
 1844: reached Mine Town
 2127: made his first wish - "blessed +2 Grayswandir", got "a silver saber named Grayswandir"
 3093: entered Sokoban
 3252: quit

You didn't know any spells.

Skills:
 Fighting Skills
   martial arts      [Basic]
   two weapon combat [Unskilled]
   riding            [Unskilled]
 Weapon Skills
   dagger            [Unskilled]
   knife             [Unskilled]
   short sword       [Basic]
   broadsword        [Unskilled]
   long sword        [Basic]
   two-handed sword  [Unskilled]
   saber             [Unskilled]
   flail             [Unskilled]
   quarterstaff      [Unskilled]
   polearms          [Unskilled]
   spear             [Unskilled]
   lance             [Unskilled]
   bow               [Basic]
   shuriken          [Unskilled]
 Spellcasting Skills
   attack spells     [Unskilled]
   divination spells [Unskilled]
   clerical spells   [Unskilled]

Voluntary challenges:
 Character rerolling was not enabled.
 You never genocided any monsters.
 You never polymorphed an object.
 You never changed form.
 You used 1 wish (for an artifact).
 You did not violate any of the special Sokoban rules.
Achievements:
 You entered the Gnomish Mines.
 You entered a shop.
 You attained the rank of Ronin.
 You attained the rank of Ninja.
 You entered Minetown.
 You entered a temple.
 You entered Sokoban.

 The Dungeons of Doom: levels 1 to 6
    Level 1:
       Some fountains, a sink.
    Level 2:
       A potion shop, some fountains.
       Stairs down to The Gnomish Mines.
    Level 3:
       A food shop, a grave.
    Level 4:
    Level 5:
    Level 6: <- You were here.
       A general store, a fountain.
       Stairs up to Sokoban, level 5.
 The Gnomish Mines: levels 3 to 6
    Level 3:
    Level 4:
    Level 5:
    Level 6:
       Many shops, a temple and an altar, some fountains.
 Sokoban:
    Level 5:
       Unsolved.


Vanquished creatures:
  a snake
  a pony
  a fog cloud
  3 gnome leaders
  2 gnomish wizards
  a guardian naga hatchling
  a gray ooze
  a giant ant
  a floating eye
  3 dwarves
  2 homunculi
  a centipede
  a giant bat
  2 werejackals
  3 iguanas
 an acid blob
  2 coyotes
  a hobgoblin
  2 giant rats
  a cave spider
  a yellow mold
 32 gnomes
  2 geckos
  3 jackals
  3 foxes
  3 kobolds
  a goblin
  2 sewer rats
  2 grid bugs
  2 bats
  a lichen
  2 kobold zombies
  5 newts
90 creatures vanquished.

No species were genocided or became extinct.

Sayonara CyberFan the Samurai...

You quit in The Dungeons of Doom on dungeon level 6 with 2498 points,
and 36 pieces of gold, after 3252 moves.
You were level 6 with a maximum of 61 hit points when you quit.

